 Dungeon Sprint DCSS version 0.26-a0-597-gb535b0901c (webtiles) character file.

Game seed: 463994307445202811

1599 Lanoc the Fighter (level 8, -2/75 HPs)
             Began as a Demonspawn Fighter on Sept 7, 2020.
             Was a High Priest of Cheibriados.
             Slain by a komodo dragon (26 damage)
             ... in the Dungeon (Sprint IX: "|||||||||||||||||||||||||||||").
             The game lasted 00:02:16 (1135 turns).

Lanoc the Fighter (Demonspawn Fighter)              Turns: 1135, Time: 00:02:17

Health: -2/75      AC: 13    Str: 35    XL:     8   Next: 62%
Magic:  8/8        EV: 21    Int: 27    God:    Cheibriados [*****.]
Gold:   0          SH:  0    Dex: 27    Spells: 7/7 levels left

rFire    . . .     SeeInvis .   o - +4 quarterstaff of Dullness {vorpal, rC++ Int+3}
rCold    + + .     Faith    .   (shield currently unavailable)
rNeg     . . .     Spirit   .   p - +2 ring mail
rPois    .         Reflect  .   q - +0 helmet
rElec    .         Harm     .   (no cloak)
rCorr    .         NoTele   +   (no gloves)
MR       .....                  (no boots)
Stlth    +.........             (no amulet)
HPRegen  0.22/turn              a - +3 ring of strength
MPRegen  0.11/turn              c - +3 ring of strength

@: very slow
A: talons 1, thin metallic scales 2, demonic guardian 1, powered by death 1
a: Bend Time, Temporal Distortion, Slouch, Step From Time, Renounce Religion


You were in the Dungeon.
You worshipped Cheibriados.
Cheibriados was extremely pleased with you.
You visited 1 branch

Inventory:

Hand Weapons
 o - the +4 quarterstaff of Dullness (weapon) {vorpal, rC++ Int+3}
   (You found it in the Dungeon)

   It inflicts extra damage upon your enemies.
   It affects your intelligence (+3).
   It greatly protects you from cold.
Armour
 p - a +2 ring mail (worn)
 q - a +0 helmet (worn)
Jewellery
 a - a +3 ring of strength (left hand)
 c - a +3 ring of strength (right hand)
Wands
 n - a wand of acid (10)
Scrolls
 j - 2 scrolls of blinking
 l - 5 scrolls of remove curse
 m - 2 scrolls of amnesia
 s - a scroll of magic mapping
 t - a scroll of fear
 u - a scroll of fog
 v - a scroll of identify
Potions
 b - a potion of stabbing
 d - a potion of might
 e - 7 potions of curing
 f - 5 potions of heal wounds
 g - a potion of haste
 h - 4 potions of magic
 i - a potion of berserk rage
 k - a potion of invisibility
 r - a potion of resistance


   Skills:
 + Level 11.0 Fighting
   Level 5.1 Long Blades
 + Level 10.1 Armour
 + Level 9.7 Dodging
   Level 4.3 Shields


You had 7 spell levels left.
You didn't know any spells.
Your spell library was empty.

Dungeon Overview and Level Annotations

Branches:
Dungeon (1/1)

Altars:
Cheibriados
Dithmenos
Elyvilon
Fedhas
Gozag
Hepliaklqana
Kikubaaqudgha
Makhleb
Nemelex Xobeh
Okawaru
Qazlal
Ru
Sif Muna
Trog
Uskayaw
Vehumet
Wu Jian
Xom
Yredelemnul
Zin
The Shining One
Beogh
Jiyva
Lugonu


Innate Abilities, Weirdness & Mutations

You have sharp toenails.
You are mostly covered in thin metallic scales. (AC +3)
A weak demonic guardian rushes to your aid.
You regenerate a little health from kills.


Message History

The komodo dragon is heavily wounded.
The komodo dragon barely misses you.
You hit the komodo dragon.
You claw the komodo dragon, but do no damage.
The komodo dragon is heavily wounded.
The komodo dragon barely misses you.
You hit the komodo dragon but do no damage.
Your kick misses the komodo dragon.
The komodo dragon is heavily wounded.
The komodo dragon bites you but does no damage.
The komodo dragon bites you.
You barely miss the komodo dragon.
You claw the komodo dragon, but do no damage.
The komodo dragon is heavily wounded.
Your white imp disappears in a puff of smoke!
The komodo dragon bites you!!
You hit the komodo dragon. You claw the komodo dragon.
The komodo dragon is almost dead.
The komodo dragon bites you!!
You die...

▓.▓.▓)▓
▓.▓.▓.▓
▓[▓.▓.▓
▓)▓.▓.▓
▓.▓.▓'▓
▓.▓.▓_▓
▓.▓.▓_▓
▓5▓.▓_▓
▓@▓.▓_▓
▓l▓.▓_▓
▓t▓.▓_▓
▓S▓.▓_▓
▓S▓.▓_▓
▓r▓.▓_▓
▓.▓.▓_▓
▓.▓.▓_▓
▓.▓.▓_▓


You could see a komodo dragon, a black mamba, a water moccasin, a crocodile, a
porcupine and a friendly quasit (summoned).

Vanquished Creatures
  A manticore (D)
  A komodo dragon (D)
  A slime creature (D)
  A basilisk (D)
  A vampire mosquito (D)
  A porcupine (D)
  An ogre (D)
  A centaur (D)
  A bullfrog (D)
  A howler monkey (D)
  A jelly (D)
  A worker ant (D)
  A dart slug (D)
  2 orcs (D)
  2 bat zombies (D)
  A hobgoblin (D)
  A jackal (D)
  A quokka (D)
  2 bats (D)
  A giant cockroach zombie (D)
  A kobold (D)
24 creatures vanquished.

Vanquished Creatures (collateral kills)
  A phantom (D)
  A jelly (D)
2 creatures vanquished.

Grand Total: 26 creatures vanquished

Notes
Turn   | Place    | Note
-------+----------+-------------------------------------------
     0 | D        | Lanoc the Demonspawn Fighter began the quest for the Orb.
     0 | D        | Reached XP level 1. HP: 18/18 MP: 1/1
    16 | D        | Reached skill level 1 in Dodging
    61 | D        | Noticed a centaur
    61 | D        | Noticed a worker ant
    62 | D        | Gained mutation: You are partially covered in thin metallic
                  | scales. (AC +2) [demonic ancestry]
    62 | D        | Reached XP level 2. HP: 24/24 MP: 2/2
    69 | D        | Killed a centaur
    69 | D        | Reached skill level 4 in Fighting
    69 | D        | Gained mutation: You are mostly covered in thin metallic
                  | scales. (AC +3) [demonic ancestry]
    69 | D        | Reached XP level 3. HP: 18/31 MP: 3/3
    69 | D        | Gained mutation: You have sharp toenails. [demonic
                  | ancestry]
    69 | D        | Reached XP level 4. HP: 22/38 MP: 4/4
    74 | D        | Reached skill level 5 in Long Blades
   317 | D        | Found a roughly hewn altar of Beogh.
   317 | D        | Found a snail-covered altar of Cheibriados.
   317 | D        | Found a shadowy altar of Dithmenos.
   317 | D        | Found a white marble altar of Elyvilon.
   317 | D        | Found a blossoming altar of Fedhas.
   317 | D        | Found an opulent altar of Gozag.
   318 | D        | Found a hazy altar of Hepliaklqana.
   319 | D        | Found a viscous altar of Jiyva.
   320 | D        | Found an ancient bone altar of Kikubaaqudgha.
   321 | D        | Found a corrupted altar of Lugonu.
   322 | D        | Found a burning altar of Makhleb.
   323 | D        | Found a sparkling altar of Nemelex Xobeh.
   324 | D        | Found an iron altar of Okawaru.
   329 | D        | Became a worshipper of Cheibriados the Contemplative
   334 | D        | Found a stormy altar of Qazlal.
   335 | D        | Found a sacrificial altar of Ru.
   336 | D        | Found a shimmering blue altar of Sif Muna.
   337 | D        | Found a bloodstained altar of Trog.
   338 | D        | Found a hide-covered altar of Uskayaw.
   339 | D        | Found a radiant altar of Vehumet.
   340 | D        | Found an ornate altar of the Wu Jian Council.
   341 | D        | Found a shimmering altar of Xom.
   342 | D        | Found a basalt altar of Yredelemnul.
   343 | D        | Found a glowing silver altar of Zin.
   344 | D        | Found a glowing golden altar of the Shining One.
   360 | D        | Got the +4 quarterstaff of Dullness {vorpal, rC++ Int+3}
   401 | D        | Noticed an ogre
   408 | D        | Reached skill level 5 in Fighting
   408 | D        | Reached skill level 5 in Armour
   408 | D        | Gained mutation: A weak demonic guardian rushes to your
                  | aid. [demonic ancestry]
   408 | D        | Reached XP level 5. HP: 36/44 MP: 5/5
   412 | D        | Reached * piety under Cheibriados
   430 | D        | Killed an ogre
   430 | D        | Reached ** piety under Cheibriados
   430 | D        | Reached skill level 6 in Fighting
   430 | D        | Reached skill level 5 in Dodging
   433 | D        | Reached *** piety under Cheibriados
   433 | D        | Reached skill level 7 in Fighting
   433 | D        | Gained mutation: You regenerate a little health from kills.
                  | [demonic ancestry]
   433 | D        | Reached XP level 6. HP: 28/55 MP: 6/6
   595 | D        | Noticed a slime creature
   595 | D        | Noticed a manticore
   595 | D        | Noticed a vampire mosquito
   602 | D        | Killed a slime creature
   602 | D        | Reached **** piety under Cheibriados
   602 | D        | Reached skill level 8 in Fighting
   610 | D        | Killed a manticore
   610 | D        | Reached skill level 9 in Fighting
   610 | D        | Reached XP level 7. HP: 31/65 MP: 7/7
   619 | D        | Killed a vampire mosquito
   620 | D        | Reached skill level 10 in Fighting
   620 | D        | Reached XP level 8. HP: 30/72 MP: 8/8
   621 | D        | Reached ***** piety under Cheibriados
   897 | D        | Noticed a komodo dragon
   897 | D        | Noticed a komodo dragon
   898 | D        | Noticed a black mamba
   902 | D        | Killed a komodo dragon
  1125 | D        | Reached skill level 10 in Armour
  1129 | D        | Reached skill level 11 in Fighting
  1135 | D        | Slain by a komodo dragon

Illustrated notes

Levels and vault maps discovered:
D:        linesprint [early_d, line_temple, items_1, d_10, items_2, lair_1,
          lair_end, items_3, orc_1, orc_end, items_4, d_15, swamp_1, shoals_1,
          snake_1, spider_1, d_20, vaults_1, items_5, swamp_end, shoals_end,
          snake_end, spider_end, vaults_end, d_27, items_6, zot_1, zot_end,
          crypt_end, forest_end, elf_end, slime_end, tomb_end, abyss_end,
          pan_hell_end]

Skill      XL: |  1  2  3  4  5  6  7  8 |
---------------+-------------------------+-----
Long Blades    | 2 4 5 |  5.1
Armour         | 3 4 5 6 8 9 10 | 10.1
Dodging        | 1 2 3 5 8 9 |  9.7
Shields        | 3 4 |  4.3
Fighting       | 4 5 7 9 10 11 | 11.0

Action                   |  1- 3 |  4- 6 |  7- 9 || total
-------------------------+-------+-------+-------++-------
Melee: Long sword        |    27 |     6 |       ||    33
       Quarterstaff      |       |    28 |    30 ||    58
       Kick              |       |    13 |    18 ||    31
Armor: Scale mail        |    12 |     4 |       ||    16
       Ring mail         |       |    10 |     8 ||    18
Dodge: Dodged            |     9 |    29 |    34 ||    72
Block: Kite shield       |    17 |     2 |       ||    19
       Rpst.: Long sword |     3 |     2 |       ||     5

Table legend: (Time is in decaauts)
 A = Elapsed time spent in this place.
 B = Non-inter-level travel time spent in this place.
 C = Inter-level travel time spent in this place.
 D = Time resting spent in this place.
 E = Time spent auto-exploring this place.
 F = Levels seen in this place.
 G = Mean time per level.
                   A        B        C        D        E       F      G
               +--------+--------+--------+--------+--------+-----+--------+
         Total |   1267 |   1267 |      0 |    453 |    551 |   1 | 1267.0 |
       Dungeon |   1267 |   1267 |      0 |    453 |    551 |   1 | 1267.0 |
               +--------+--------+--------+--------+--------+-----+--------+

Top non-repeatable levels by time:
       D: 1267 daAuts
